 Dungeon Crawl Stone Soup version 0.29.1-15-g9cfb28693d (webtiles) character file.

Game seed: 10251257758354897786

85073 ThatPearl the Fighter (level 15, -26/187 HPs)
             Began as a Demonspawn Gladiator on Feb 24, 2023.
             Was an Initiate of Gozag.
             Annihilated by a bog body (29 damage)
             ... on level 1 of the Swamp on Feb 27, 2023.
             The game lasted 01:42:31 (20251 turns).

ThatPearl the Fighter (Demonspawn Gladiator)       Turns: 20251, Time: 01:42:32

Health: -26/187    AC: 20    Str: 28    XL:     15   Next: 37%
Magic:  15/22      EV: 12    Int: 33    God:    Gozag
Gold:   5116       SH: 19    Dex: 13    Spells: 12/24 levels left

rFire   . . .      SeeInvis +   y - +10 hand axe of Debt {protect, Int+3}
rCold   . . .      Faith    .   z - +4 kite shield of Beogh's Condemnation {Str+5}
rNeg    + . .      Spirit   .   C - +2 troll leather armour
rPois   +          Reflect  +   (helmet unavailable)
rElec   .          Harm     .   (no cloak)
rCorr   .          Rampage  ∞   M - +3 pair of gloves of Laimn {Str+5 Int+6 Dex-3}
Will    +....                   K - +3 pair of seven-league boots {Rampage+∞}
Stlth   ..........              w - amulet "Gyily" {Reflect rN+ Regen+ Dex+2 SH+5}
HPRegen 2.01/turn               N - +4 ring of protection
MPRegen 0.18/turn               o - ring of the Townfolk {rPois Int+4}

@: berserking, very quick
A: antennae 3, icemail 1, powered by death 2, big brain 3, condensation shield,
corrupting presence 1
a: Renounce Religion, Potion Petition, Call Merchant, Bribe Branch


You were on level 1 of the Swamp.
You worshipped Gozag.
Gozag was greatly pleased with you.
You visited 6 branches of the dungeon, and saw 22 of its levels.
You visited the Abyss 1 time.
You also visited: Ossuary, Bailey and Volcano.

You collected 8361 gold pieces.
You spent 1980 gold pieces at shops.
You paid 1265 gold pieces to Gozag.

Inventory:

Hand Weapons
 b - a +2 sling of freezing
 y - the +10 hand axe of Debt (weapon) {protect, Int+3}
   (You took it off an orc wizard on level 5 of the Dungeon)

   It grants its wielder temporary protection when it strikes (+7 to AC).
   Int:       It affects your intelligence (+3).
 H - a +1 great mace of flaming
 J - a +3 battleaxe
 V - the +9 glaive "Oplep" {flame, Will+ Str+2}
   (You found it on level 5 of the Lair of Beasts)

   It burns those it strikes, dealing additional fire damage.
   Big, fiery blades are also staple armaments of hydra-hunters.
   Str:       It affects your strength (+2).
   Will:      It increases your willpower.
Missiles
 d - 3 throwing nets
 e - a javelin
 f - 164 stones (quivered)
 S - 2 atropa-tipped darts
Armour
 u - a +0 leather armour of fire resistance
 z - the +4 kite shield of Beogh's Condemnation (worn) {Str+5}
   (You acquired it on level 8 of the Dungeon)

   Str:       It affects your strength (+5).
 C - a +2 troll leather armour (worn)
 K - the +3 pair of seven-league boots (worn) {Rampage+∞}
   (You bought it in a shop on level 2 of the Orcish Mines)

   Its wearer moves as far as possible in that direction when moving towards
   enemies.
 M - the +3 pair of gloves of Laimn (worn) {Str+5 Int+6 Dex-3}
   (You bought it in a shop on level 2 of the Orcish Mines)

   Str:       It affects your strength (+5).
   Int:       It affects your intelligence (+6).
   Dex:       It affects your dexterity (-3).
Jewellery
 g - an amulet of regeneration
 o - the ring of the Townfolk (right hand) {rPois Int+4}
   (You acquired it on level 7 of the Dungeon)

   [ring of poison resistance]

   Int:       It affects your intelligence (+4).
   rPois:     It protects you from poison.
 w - the amulet "Gyily" (around neck) {Reflect rN+ Regen+ Dex+2 SH+5}
   (You acquired it on level 3 of the Lair of Beasts)

   [amulet of reflection]

   It reflects blocked missile attacks.
   Dex:       It affects your dexterity (+2).
   rN:        It protects you from negative energy.
   Regen:     It increases your rate of health regeneration.
   SH:        It affects your SH (+5).
 E - a ring of protection from cold
 N - a +4 ring of protection (left hand)
 T - a +4 ring of protection
Wands
 k - a wand of mindburst (7)
 l - a wand of polymorph (8)
 p - a wand of acid (15)
 G - a wand of flame (32)
 Q - a wand of iceblast (10)
 U - a wand of paralysis (13)
Scrolls
 c - a scroll of silence
 i - 7 scrolls of butterflies
 q - a scroll of brand weapon
 s - 10 scrolls of teleportation
 x - 5 scrolls of noise
 A - a scroll of torment
 B - a scroll of poison
 I - 3 scrolls of enchant weapon
 O - 2 scrolls of identify
 R - 2 scrolls of amnesia
Potions
 a - a potion of berserk rage
 m - a potion of haste
 n - 3 potions of cancellation
 r - a potion of resistance
 t - 6 potions of invisibility
 v - a potion of might {unknown}
 D - 8 potions of mutation
 F - a potion of flight
 L - 4 potions of magic
 P - 2 potions of brilliance


   Skills:
 + Level 13.8 Fighting
 + Level 13.0 Axes
 - Level 1.7 Throwing
 + Level 8.2 Armour
 - Level 6.0 Dodging
 - Level 8.0 Shields
 - Level 5.1 Spellcasting
 + Level 7.5 Hexes
 - Level 10.4 Summonings
 - Level 5.3 Ice Magic


You had 12 spell levels left.
You knew the following spells:

 Your Spells              Type           Power      Damage    Failure   Level
a - Ozocubu's Armour      Ice            43%        N/A       1%          3
b - Summon Ice Beast      Ice/Summ       57%        N/A       1%          4
f - Cause Fear            Hex            27%        N/A       2%          4
m - Summon Small Mammal   Summ           100%       N/A       1%          1

Your spell library contained the following spells:

 Spells                   Type           Power      Damage    Failure   Level
 Call Imp                 Summ           67%        N/A       1%          2
 Inner Flame              Hex/Fire       33%        N/A       3%          3
 Summon Mana Viper        Hex/Summ       61%        N/A       3%          5
 Apportation              Tloc           16%        N/A       5%          1
 Magic Dart               Conj           32%        1d4       5%          1
 Necrotise                Necr           32%        1d5       5%          1
 Animate Armour           Summ/Erth      84%        N/A       6%          4
 Scorch                   Fire           16%        2d5       8%          2
 Sublimation of Blood     Necr           8%         N/A       8%          2
 Summon Cactus Giant      Summ           33%        N/A       11%         6
 Ignite Poison            Fire/Tmut/Pois 8%         N/A       16%         3
 Mephitic Cloud           Conj/Pois/Air  8%         N/A       16%         3
 Vampiric Draining        Necr           8%         2d6       16%         3
 Dispel Undead            Necr           8%         3d8       43%         4
 Flame Wave               Conj/Fire      8%         2d5       43%         4
 Petrify                  Tmut/Erth      8%         N/A       43%         4
 Monstrous Menagerie      Summ           33%        N/A       50%         7
 Freezing Cloud           Conj/Ice/Air   10%        6-21      52%         5
 Agony                    Necr           8%         N/A       77%         5
 Blade Hands              Tmut           4%         N/A       77%         5
 Fireball                 Conj/Fire      4%         3d4       77%         5
 Irradiate                Conj/Tmut      4%         3d13      77%         5
 Death Channel            Necr           4%         N/A       99%         6
 Iron Shot                Conj/Erth      4%         9d2       99%         6
 Starburst                Conj/Fire      4%         6d3       99%         6
 Ozocubu's Refrigeration  Ice            21%        4d12      99%         7
 Discord                  Hex            27%        N/A       100%        8
 Ignition                 Fire           4%         3d4       100%        8
 Corpse Rot               Necr/Pois/Air  Unusable   N/A       N/A         4

Dungeon Overview and Level Annotations

Branches:
Dungeon (10/15)            Temple (1/1) D:4            Lair (5/5) D:8
  Swamp (1/4) Lair:3        Snake (3/4) Lair:2        Slime (0/5) Lair:4
    Orc (2/2) D:9             Elf (0/3) Orc:2       Ossuary (visited)
 Bailey (visited)         Volcano (visited)

Altars:
Ashenzari
Cheibriados
Dithmenos
Fedhas
Gozag
Hepliaklqana
Kikubaaqudgha
Makhleb
Nemelex Xobeh
Okawaru
Qazlal
Ru
Sif Muna
Trog
Uskayaw
Vehumet
Wu Jian
Xom
Yredelemnul

Shops:
D:5 *   D:8 =   Orc:2 *::*[   Lair:5 ([

Annotations:
Lair:4 1 runed translucent door


Innate Abilities, Weirdness & Mutations

You have a pair of large antennae on your head. (SInv)
A meltable icy envelope protects you from harm. (AC +0)
You regenerate health from kills.
You have an absolutely massive brain. (Int +6, Wiz)
A meltable shield of frost defends you. (SH +0)
Your presence sometimes corrodes those you injure.


Message History

You block the five-headed hydra's attack.
The five-headed hydra bites you but does no damage.
The foxfire hits you but does no damage.
The goliath frog hits you but does no damage.
The eleionoma flows through the trees.
You block the bog body's attack. You block the goliath frog's attack.
The foxfire hits you but does no damage.
Unknown command.
You enter the shallow water.
Moving in this stuff is going to be slow.
You block the goliath frog's attack.
Unknown command.
The swamp worm seems to regain its courage.
The will-o-the-wisp misses you.
The eleionoma flows through the trees.
The will-o-the-wisp blinks!
The goliath frog hits you from afar!
* * * LOW HITPOINT WARNING * * *
You are splashed with acid!
* * * LOW HITPOINT WARNING * * *
Unknown command.
You feel better.
You block the five-headed hydra's attack. x4
The five-headed hydra closely misses you.
You block the bog body's attack.
The goliath frog hits you but does no damage.
The eleionoma hurls a spray of splinters at you.
The spray of wooden splinters hits you!
* * * LOW HITPOINT WARNING * * *
A red film seems to cover your vision as you go berserk!
You feel yourself moving faster!
You feel mighty!
You block the five-headed hydra's attack.
The five-headed hydra bites you but does no damage.
You block the five-headed hydra's attack.
The five-headed hydra barely misses you.
The five-headed hydra bites you but does no damage.
The goliath frog hits you but does no damage.
The bog body touches you.
* * * LOW HITPOINT WARNING * * *
The bog body freezes you!!
You die...
Your body crumbles into a pile of gold.

♣♣~.♣♣♣♣♣♣
♣♣.~~......
♣♣.~~~§..~~.
♣♣..§~§~.....
♣..~w~~~.~~.♣ ♣~
♣♣.~~.~~~...§♣♣~.
♣~~~<)~~~~~.~~...
♣§....D~~~v~...~.
.~~.♣♣~R@.~~~~~...~.
.~~.....~n.§~~~.....
~~~~~~~.~.F~~§......
...~~~~~....~.♣♣§...
♣..~~§~~...~...w.w~~
..~~~~~~...~♣.~~§~~~
..~~~~~.....~~~~~~~~
.~~~~~~~~..♣..~.~~.
♣..~~~§~~.♣♣.~~...


You could see an eleionoma, a five-headed hydra, a goliath frog, a
will-o-the-wisp, a bog body and 2 swamp worms.

Vanquished Creatures
  Gastronok (Lair:3)
  A nagaraja (Snake:2)
  The ghost of nroviw the Devastator, a journeyman DECj of Vehumet (Lair:3)
  Josephine (Lair:3)
  2 boulder beetles
  2 hydras
  Erolcha (D:9)
  A merfolk avatar (Lair:5)
  7 anacondas
  2 two-headed ogres (D:8)
  3 naga warriors
  The ghost of ReaperWolf26 the Cleaver, a novice DsBe of Trog (Lair:1)
  3 death yaks (Lair:4)
  7 naga sharpshooters
  2 shock serpents (Snake:1)
  3 salamander mystics (Snake:2)
  A sea snake (Lair:5)
  3 naga ritualists
  A harpy (Lair:5)
  A deep elf archer (Volcano)
  6 deep elf pyromancers (Volcano)
  An orc knight (Bailey)
  3 mana vipers
  6 orc sorcerers (Orc:2)
  A manticore (Lair:5)
  11 elephants
  6 salamanders
  2 cyclopes
  18 black mambas
  10 naga magi
  A smoke demon (Abyss:1)
  8 cane toads
  A gargoyle (D:10)
  A torpor snail (Lair:1)
  4 komodo dragons
  2 rime drakes
  A polar bear (Lair:5)
  2 trolls (Orc:1)
  2 hornets
  10 dream sheep (Lair:5)
  A snapping turtle (Lair:5)
  2 shadows (D:10)
  A large abomination (Abyss:1)
  44 yaks
  4 basilisks
  3 wraiths (Lair:3)
  13 wyverns
  3 fire elementals (Volcano)
  4 steam dragons
  2 vampire mosquitoes (D:10)
  Menkaure (D:7)
  9 wargs
  22 nagas
  An acid dragon (D:10)
  18 water moccasins
  4 hell hounds (Volcano)
  5 sky beasts
  31 orc warriors
  2 black bears
  2 centaurs
  6 ogres
  12 wolves
  6 kobold brigands
  A necrophage (D:5)
  18 bullfrogs
  7 scorpions
  19 wights
  2 howler monkeys
  An electric eel (D:8)
  2 centaur zombies (Ossuary)
  3 jellies
  15 orc priests
  3 hounds
  2 iguanas
  47 orc wizards
  4 hell rats (Lair:3)
  5 mummies (Ossuary)
  9 gnolls
  10 adders
  A shadow imp (D:7)
  3 ufetubi
  4 worms
  A dart slug (D:4)
  141 orcs
  8 ball pythons
  3 endoplasms
  2 giant cockroaches
  13 goblins
  3 hobgoblins
  3 jackals (D:1)
  2 quokkas
  6 bats
  6 frilled lizards
  2 goblin zombies (Ossuary)
  A hobgoblin zombie (Ossuary)
  18 kobolds
  3 kobold zombies (Ossuary)
  6 rats
710 creatures vanquished.

Vanquished Creatures (collateral kills)
  A salamander tyrant (Snake:2)
  An anaconda (Snake:3)
  A black mamba (Snake:3)
  A naga mage (Snake:2)
  A yak (Lair:5)
5 creatures vanquished.

Vanquished Creatures (others)
  2 deep elf pyromancers (Volcano)
  A naga (Snake:2)
  A sky beast (D:9)
  An orc wizard (Orc:2)
  An orc (Orc:2)
  8 foxfires (Swamp:1)
  13 fungi
  46 plants
  4 toadstools (D:8)
  7 withered plants (D:3)
84 creatures vanquished.

Grand Total: 799 creatures vanquished

Notes
Turn   | Place    | Note
-------+----------+-------------------------------------------
     0 | D:1      | ThatPearl the Demonspawn Gladiator began the quest for the
                  | Orb.
     0 | D:1      | Reached XP level 1. HP: 16/16 MP: 1/1
    23 | D:1      | Gained mutation: A meltable shield of frost defends you.
                  | (SH +0) [demonic ancestry]
    23 | D:1      | Reached XP level 2. HP: 3/23 MP: 2/2
   733 | D:1      | Gained mutation: You have an unusually large brain. (Int
                  | +2) [demonic ancestry]
   733 | D:1      | Reached XP level 3. HP: 21/25 MP: 3/3
  1040 | D:2      | Learned a level 1 spell: Summon Small Mammal
  1854 | D:3      | Reached skill level 1 in Summonings
  2046 | D:3      | Reached XP level 4. HP: 35/35 MP: 4/4
  2137 | D:3      | Found a faded altar of an unknown god.
  2500 | D:4      | Found a staircase to the Ecumenical Temple.
  2513 | Temple   | Entered the Ecumenical Temple
  2601 | Temple   | Became a worshipper of Gozag Ym Sagoz the Greedy
  3209 | D:4      | Gained mutation: You regenerate a little health from kills.
                  | [demonic ancestry]
  3209 | D:4      | Reached XP level 5. HP: 33/42 MP: 5/5
  4038 | D:5      | Entered Level 5 of the Dungeon
  4072 | D:5      | Gained mutation: You have an extremely huge brain. (Int +4)
                  | [demonic ancestry]
  4072 | D:5      | Reached XP level 6. HP: 43/48 MP: 6/6
  4443 | D:5      | Found Touzucud's Tempting Trifles.
  4452 | D:5      | Bought a scroll of teleportation for 36 gold pieces
  4452 | D:5      | Bought a +0 troll leather armour for 180 gold pieces
  4743 | D:5      | Noticed a sky beast
  4770 | D:5      | Killed a sky beast
  4771 | D:5      | Reached skill level 1 in Shields
  4771 | D:5      | Reached XP level 7. HP: 55/55 MP: 7/7
  4823 | D:5      | Reached skill level 5 in Fighting
  4823 | D:5      | Reached skill level 5 in Axes
  5115 | D:5      | Identified the +10 hand axe of Debt {protect, Int+3}
  5116 | D:5      | Found a shadowy altar of Dithmenos.
  5372 | D:6      | Reached XP level 8. HP: 22/62 MP: 8/8
  5520 | D:6      | Noticed a cyclops
  5591 | D:7      | Reached skill level 5 in Summonings
  5698 | D:7      | Found a basalt altar of Yredelemnul.
  5744 | D:7      | Noticed Menkaure
  5766 | D:7      | Killed Menkaure
  5767 | D:7      | Gained mutation: You have a pair of small antennae on your
                  | head. [demonic ancestry]
  5767 | D:7      | Reached XP level 9. HP: 61/71 MP: 9/9
  5809 | D:7      | Found a sand-covered staircase.
  5813 | Ossuary  | Entered an ossuary
  6306 | D:6      | Killed a cyclops
  6534 | D:6      | Reached skill level 5 in Shields
  6670 | D:7      | Found a sacrificial altar of Ru.
  6670 | D:7      | Found a hide-covered altar of Uskayaw.
  6678 | D:7      | Found a hazy altar of Hepliaklqana.
  6680 | D:7      | Found a blossoming altar of Fedhas.
  6692 | D:7      | Found a bloodstained altar of Trog.
  6851 | D:7      | Identified 2 scrolls of acquirement
  6851 | D:7      | Acquired the ring of the Townfolk {rPois Int+4}
  6971 | D:8      | Noticed a two-headed ogre
  7079 | D:8      | Found a flagged portal.
  7096 | Bailey   | Entered a bailey
  7368 | Bailey   | Gained mutation: You have a pair of antennae on your head.
                  | [demonic ancestry]
  7368 | Bailey   | Reached XP level 10. HP: 79/80 MP: 10/10
  7452 | Bailey   | Noticed an orc knight
  7502 | Bailey   | Killed an orc knight
  7898 | D:8      | Found Xeizitamn's Jewellery Shoppe.
  7928 | D:8      | Found a staircase to the Lair.
  8261 | D:8      | Noticed a two-headed ogre
  8276 | D:8      | Killed a two-headed ogre
  8277 | D:8      | Gained mutation: You regenerate health from kills. [demonic
                  | ancestry]
  8277 | D:8      | Reached XP level 11. HP: 89/89 MP: 11/11
  8305 | D:8      | Learned a level 4 spell: Summon Ice Beast
  8477 | D:8      | Acquired the +4 kite shield of Beogh's Condemnation {Str+5}
  8769 | D:9      | Found a sparkling altar of Nemelex Xobeh.
  8824 | Lair:1   | Entered Level 1 of the Lair of Beasts
  8827 | Lair:1   | Identified the +8 chain mail of Evolution {Int+3}
  8842 | Lair:1   | Noticed ReaperWolf26's ghost (novice DsBe)
  8846 | Lair:1   | Noticed a boulder beetle
  8889 | Lair:1   | Killed a boulder beetle
  9268 | Lair:1   | Found a runed translucent gate.
  9268 | Lair:1   | Found a runed translucent gate.
  9268 | Lair:1   | Found a runed translucent gate.
  9360 | Lair:1   | Reached skill level 10 in Fighting
  9694 | Lair:2   | Found a staircase to the Snake Pit.
  9760 | Lair:2   | Learned a level 4 spell: Cause Fear
  9907 | Lair:2   | Reached skill level 5 in Dodging
 10147 | Lair:2   | Reached skill level 1 in Hexes
 10343 | Lair:3   | Gained mutation: You have a pair of large antennae on your
                  | head. (SInv) [demonic ancestry]
 10343 | Lair:3   | Reached XP level 12. HP: 98/98 MP: 12/12
 10343 | Lair:3   | Acquired the amulet "Gyily" {Reflect rN+ Regen+ Dex+2 SH+5}
 10377 | Lair:3   | Noticed a four-headed hydra
 10453 | Lair:1   | Reached skill level 10 in Summonings
 10490 | Lair:1   | Killed ReaperWolf26's ghost
 10511 | Lair:1   | Identified the +3 ring mail of the Trees {Str+5 Dex-4}
 10553 | D:8      | Killed a two-headed ogre
 10554 | D:8      | Reached skill level 10 in Axes
 10699 | D:9      | Found a staircase to the Orcish Mines.
 11283 | D:9      | Found an ancient bone altar of Kikubaaqudgha.
 11340 | D:9      | Noticed Erolcha
 11353 | Abyss:1  | Cast into level 1 of the Abyss (Erolcha)
 11410 | Abyss:1  | Noticed a starcursed mass
 11490 | D:9      | Escaped the Abyss
 11505 | D:9      | Killed Erolcha
 11570 | D:10     | Entered Level 10 of the Dungeon
 11604 | D:10     | Acquired Ozocubu's Autobiography
 11822 | D:10     | Found a stormy altar of Qazlal.
 11992 | D:10     | Reached skill level 1 in Ice Magic
 12031 | D:10     | Reached skill level 1 in Armour
 12281 | Orc:1    | Entered Level 1 of the Orcish Mines
 12438 | Orc:2    | Entered Level 2 of the Orcish Mines
 12481 | Orc:2    | Found a dark tunnel.
 12500 | Volcano  | Entered a volcano
 12515 | Volcano  | Reached skill level 1 in Spellcasting
 12809 | Orc:2    | Found Goifeycs's Antique Armour Emporium.
 12828 | Orc:2    | Bought the +3 pair of seven-league boots {Rampage+∞} for
                  | 1160 gold pieces
 12828 | Orc:2    | Found the +3 pair of seven-league boots {Rampage+∞}
 12828 | Orc:2    | Bought a pair of jewelled gloves for 275 gold pieces
 12828 | Orc:2    | Identified the +3 pair of gloves of Laimn {Str+5 Int+6
                  | Dex-3} (You bought it in a shop on level 2 of the Orcish
                  | Mines)
 12954 | Orc:1    | Gained mutation: A meltable icy envelope protects you from
                  | harm. (AC +0) [demonic ancestry]
 12954 | Orc:1    | Reached XP level 13. HP: 105/106 MP: 16/16
 13158 | Orc:2    | Found a staircase to the Elven Halls.
 13408 | Orc:2    | Found Behe Hext's Book Shop.
 13408 | Orc:2    | Found Nuhen's Assorted Antiques.
 13471 | Orc:2    | Learned a level 3 spell: Ozocubu's Armour
 13473 | Orc:2    | Found Lelucheff's Book Shoppe.
 13500 | Orc:2    | Found Kuhul's General Store.
 13525 | Orc:2    | Bought 2 potions of invisibility for 224 gold pieces
 13525 | Orc:2    | Bought a scroll of enchant armour for 105 gold pieces
 14689 | Lair:3   | Found a staircase to the Swamp.
 14882 | Lair:3   | Noticed Gastronok
 14902 | Lair:3   | Killed Gastronok
 15393 | Lair:3   | Noticed Josephine
 15407 | Lair:3   | Killed Josephine
 15552 | Lair:3   | Found a runed translucent gate.
 15553 | Lair:3   | Found a runed translucent gate.
 15553 | Lair:3   | Found a runed translucent gate.
 15556 | Lair:3   | Noticed nroviw's ghost (journeyman DECj)
 15572 | Lair:3   | Killed nroviw's ghost
 15821 | Lair:4   | Reached skill level 5 in Armour
 15822 | Lair:4   | Reached skill level 5 in Ice Magic
 15991 | Lair:4   | Found a runed translucent door.
 15995 | Lair:4   | Found a staircase to the Slime Pits.
 15995 | Lair:4   | Noticed an acid blob
 16114 | Lair:4   | Reached skill level 5 in Spellcasting
 16391 | Lair:5   | Entered Level 5 of the Lair of Beasts
 16404 | Lair:5   | Gained mutation: Your presence sometimes corrodes those you
                  | injure. [demonic ancestry]
 16404 | Lair:5   | Reached XP level 14. HP: 116/116 MP: 21/21
 17029 | Lair:5   | Identified the +9 glaive "Oplep" {flame, Will+ Str+2}
 17510 | Snake:1  | Entered Level 1 of the Snake Pit
 17637 | Snake:1  | Reached skill level 5 in Hexes
 19210 | Snake:2  | Noticed a nagaraja
 19420 | Snake:2  | Gained mutation: You have an absolutely massive brain. (Int
                  | +6, Wiz) [demonic ancestry]
 19420 | Snake:2  | Reached XP level 15. HP: 123/124 MP: 14/22
 19712 | Snake:2  | Killed a nagaraja
 20237 | Swamp:1  | Entered Level 1 of the Swamp
 20249 | Swamp:1  | HP: 5/125 [acid (9)]
 20251 | Swamp:1  | Annihilated by a bog body

Illustrated notes

Levels and vault maps discovered:
D:1:      shiori_arrival_maze, layout_rooms
D:2:      layout_basic
D:3:      layout_basic, shapermc_ecumenical_altar_flowoftime
D:4:      layout_loops_corners, minmay_temple_entry_slanted
D:5:      layout_loops_corners, amcnicky_altar_gilded, nicolae_alphabet_shops
D:6:      layout_rooms, st_stairs_12, nicolae_eternal_life
D:7:      layout_cave_pools, mainiacjoe_overflow_alcove_1,
          chequers_temple_overflow_minitemple, nicolae_ossuary_entry_plus,
          st_stairs_9, uniq_menkaure
D:8:      layout_basic, minmay_lair_entry_grove, serial_shops,
          nicolae_take_the_stairs, enter_bailey_7, st_stairs_10, minivault_4,
          minmay_gold_behind_fungi, minmay_fractal_squares_5
D:9:      layout_basic, mainiacjoe_overflow_tiny_flanked,
          mainiacjoe_overflow_chevrons, hiddenorc2_lemuel, special_room
          [special_room_orc], hangedman_misty_isle, uniq_erolcha
D:10:     layout_basic, general_overflow_altar
Temple:   nicolae_temple_x_marks_the_god
Lair:1:   layout_gridlike, gammafunk_ghost_split
Lair:2:   layout_loops_ring, minmay_snake_entry_guardpost_medium, serial_forest,
          infiniplex_forest_end_double, infiniplex_forest_clump_medium,
          infiniplex_forest_lined_3, infiniplex_forest_lined_2,
          infiniplex_forest_lined_3, infiniplex_forest_clump_diagonal,
          infiniplex_forest_clump_small
Lair:3:   layout_small_grid, swamp_mist_pool, ebering_ghost_rock_garden,
          lemuel_fruit_tree, uniq_josephine, uniq_gastronok
Lair:4:   layout_concentric_octagons, slime_entry_2, serial_bayou_pond_c,
          serial_bayou_pond_c
Lair:5:   gammafunk_lair_ancient_temple, layout_hall_layers,
          chequers_serial_rivers_micro_c
Swamp:1:  layout_basic_swamp, nicolae_swamp_tree_isthmus
Snake:1:  layout_honeycomb
Snake:2:  layout_basic, nicolae_snake_magic_snake_eye
Snake:3:  nicolae_snake_crotalidae_crossing, layout_cave_town
Orc:1:    layout_caves
Orc:2:    st_orc_town, layout_diamond_mine, nicolae_volcano_entry_two_sided,
          serial_shops, nicolae_shop_waterfront

Skill      XL: |  1  2  3  4  5  6  7  8  9 10 11 12 13 14 15 |
---------------+----------------------------------------------+-----
Axes           | 3 4 5 6 7 8 9 10 11 12 13 | 13.0
Fighting       | 3 4 5 6 7 9 10 11 12 13 | 13.8
Summonings     | 1 2 3 4 5 7 8 9 10 | 10.4
Shields        | 1 2 4 5 7 8 |  8.0
Dodging        | 5 6 |  6.0
Hexes          | 1 3 6 7 |  7.5
Ice Magic      | 2 5 |  5.3
Armour         | 2 5 7 8 |  8.2
Spellcasting   | 2 5 |  5.1
Throwing       | |  1.7

Action                   |  1- 3 |  4- 6 |  7- 9 | 10-12 | 13-15 || total
-------------------------+-------+-------+-------+-------+-------++-------
Melee: War axe           |   136 |   182 |    36 |       |       ||   354
       Punch             |     2 |     1 |       |       |       ||     3
       Hand axe          |       |       |   270 |   868 |  1146 ||  2284
Throw: Stone             |       |       |     2 |       |     2 ||     4
 Cast: Summon Small Mamm |       |       |     8 |     2 |     2 ||    12
       Summon Ice Beast  |       |       |       |       |    13 ||    13
       Ozocubu's Armour  |       |       |       |       |     6 ||     6
       Cause Fear        |       |       |       |       |     4 ||     4
Invok: Call Merchant     |       |       |       |       |     2 ||     2
Evoke: Wand              |       |       |     1 |     3 |       ||     4
  Use: Potion            |       |     4 |     2 |     3 |    10 ||    19
       Scroll            |       |       |    11 |    18 |     6 ||    35
 Stab: Distracted        |       |     1 |     2 |     6 |     7 ||    16
       Sleeping          |       |       |     1 |     1 |     1 ||     3
Armor: Leather armour    |     2 |       |       |       |       ||     2
       Scale mail        |    59 |    60 |       |       |       ||   119
       Skin              |       |    19 |     6 |       |       ||    25
       Troll leather arm |       |     8 |    61 |   225 |   393 ||   687
Dodge: Dodged            |    79 |    87 |   129 |   243 |   263 ||   801
Block: Other             |    27 |    31 |       |       |       ||    58
       Buckler           |       |    12 |   112 |    80 |       ||   204
       Kite shield       |       |       |       |   656 |  1176 ||  1832
       Reflection        |       |       |       |     8 |    72 ||    80
